 Dungeon Crawl Stone Soup version 0.24.0-10-g970556be89 (webtiles) character file.

Game seed: 10535155213110882307, levelgen mode: deterministic

126 LostNumber the Vandal (level 5, 0/36 HPs)
             Began as an Octopode Hunter on Nov 3, 2019.
             Was an Initiate of Trog.
             Succumbed to a worker ant's poison
             ... in the Ecumenical Temple.
             The game lasted 00:04:03 (3433 turns).

LostNumber the Vandal (Octopode Hunter)             Turns: 3433, Time: 00:04:04

Health: 0/36       AC:  1    Str: 11    XL:     5   Next: 9%
Magic:  5/5        EV: 13    Int: 13    God:    Trog [......]
Gold:   225        SH:  0    Dex: 14    Spells: 4/4 levels left

rFire    . . .     SeeInvis .   b - +0 short sword
rCold    . . .     Gourm    .   (no shield)
rNeg     + . .     Faith    .   (helmet restricted)
rPois    .         Spirit   .   (no amulet)
rElec    .         Reflect  .   k - ring of stealth
rCorr    .         Harm     .   l - ring of positive energy
MR       .....                  o - ring of stealth
Stlth    +++++.....             (no ring)
HPRegen  0.12/turn              (no ring)
MPRegen  0.09/turn              (no ring)
                                (no ring)
                                (no ring)

@: lethally poisoned (0 -> -8)
A: almost no armour, stealthy swim, amphibious, 8 rings, constrict 8, camouflage
1, gelatinous body 1
a: Renounce Religion


You were in the Ecumenical Temple.
You worshipped Trog.
Trog was noncommittal.
You were not hungry.

You visited 2 branches of the dungeon, and saw 5 of its levels.

You collected 225 gold pieces.

Inventory:

Hand Weapons
 a - a +1 hunting sling
 b - a +0 short sword (weapon)
Missiles
 c - 19 sling bullets
 f - 88 stones (quivered)
Jewellery
 k - a ring of stealth (left tentacle)
   (You took it off a kobold on level 2 of the Dungeon)
 l - a ring of positive energy (right tentacle)
   (You took it off a hobgoblin on level 3 of the Dungeon)
 o - a ring of stealth (on tentacle)
   (You found it on level 3 of the Dungeon)
Scrolls
 h - 2 scrolls of remove curse {unknown}
 i - 5 scrolls of identify {unknown}
 j - a scroll of teleportation {unknown}
 m - a scroll of amnesia {unknown}
 p - a scroll of blinking {unknown}
Potions
 g - a potion of might {unknown}
 n - a potion of lignification {unknown}
 q - 2 potions of flight {unknown}
Comestibles
 d - 3 chunks of flesh
 e - 3 rations {!d}


   Skills:
 + Level 2.9 Fighting
 + Level 0.7 Short Blades
 * Level 5.2 Slings
 - Level 2.0 Dodging
 + Level 3.4 Stealth


You had 4 spell levels left.
You didn't know any spells.
Your spell library was empty.

Dungeon Overview and Level Annotations

Branches:
Dungeon (4/15)             Temple (1/1) D:4

Altars:
Ashenzari
Cheibriados
Fedhas
Makhleb
Nemelex Xobeh
Sif Muna
Trog
Xom
Yredelemnul
Zin
The Shining One


Innate Abilities, Weirdness & Mutations

You cannot wear most types of armour.
You are very stealthy in the water. (Stealth+)
You are amphibious.
You can wear up to eight rings at the same time.
You can use your tentacles to constrict eight enemies at once.
Your skin changes colour to match your surroundings (Stealth+).
Your rubbery body absorbs attacks. (AC +1, EV +1)


Message History

No target in view!
Things that are here:
a +0 short sword; a +0 leather armour There isn't anything to butcher here.
Things that are here:
a cursed -3 club; an orc corpse You butcher the orc corpse.
d - 4 chunks of flesh (gained 3)
Things that are here:
a cursed -3 club; an orc skeleton
There is a staircase back to the Dungeon here.
You start resting.
Some of the chunks of flesh in your inventory have rotted away.
You climb upwards.
Welcome back to the Dungeon!
The worker ant bites you.
You are poisoned.
The worker ant poisons you! The worker ant bites you.
There is a staircase to the Ecumenical Temple, spattered with blood here.
You closely miss the worker ant. You grab the worker ant.
You squeeze the worker ant!
You constrict the worker ant, but do no damage.
You feel sick. The worker ant completely misses you.
You hit the worker ant but do no damage.
You squeeze the worker ant!
You constrict the worker ant, but do no damage.
The worker ant barely misses you. The orc hits you with a +0 mace.
The orc priest hits you with a +0 hand axe.
The worker ant barely misses you.
You release your grip on the worker ant.
You feel sick. The orc priest barely misses you.
The orc hits you with a +0 mace.
* * * LOW HITPOINT WARNING * * *
The worker ant barely misses you. The hound barely misses you.
You climb downwards.
Welcome back to the Ecumenical Temple!
There is a staircase back to the Dungeon here.
You hit the orc priest. You grab the orc priest.
You constrict the orc priest, but do no damage.
The worker ant bites you.
* * * LOW HITPOINT WARNING * * *
You are more poisoned.
The worker ant poisons you! The orc priest misses you.
The orc hits you but does no damage.
You hit the worker ant. Your grab misses the worker ant.
You constrict the orc priest.
You feel sick. The worker ant bites you!
* * * LOW HITPOINT WARNING * * *
The orc priest barely misses you. The orc hits you with a +0 mace.
* * * LOW HITPOINT WARNING * * *
You barely miss the worker ant. Your grab misses the worker ant.
Your squeeze misses the worker ant.
You constrict the orc priest, but do no damage.
You die...

###.## ##.### ##....## ##....##
##......### ###......##
##....._...## ##..._.....##
#.._........### ###........_..#
##.............###.............##
#...._....⌠.....#.....⌠...._....#
#..............a................#
########.......o@[.......########
########o).######## ##...##
##.....## ##...⌠...##
##.........## ##...........##
##..._....._...##
#...............#


You could see a worker ant, an orc priest and an orc.

Vanquished Creatures
  A gnoll (D:1)
  2 adders (D:3)
  3 worms
  4 dart slugs
  5 leopard geckos
  5 orcs
  3 giant cockroaches
  6 goblins
  8 hobgoblins
  6 jackals
  6 kobolds
  2 quokkas
  A ball python (D:1)
  9 bats
  4 frilled lizards
  4 rats
69 creatures vanquished.

Notes
Turn   | Place    | Note
-------+----------+-------------------------------------------
     0 | D:1      | LostNumber the Octopode Hunter began the quest for the Orb.
     0 | D:1      | Reached XP level 1. HP: 14/14 MP: 1/1
   112 | D:1      | Reached XP level 2. HP: 4/19 MP: 2/2
   672 | D:1      | Reached XP level 3. HP: 25/25 MP: 3/3
  1309 | D:2      | You fall into a shaft and drop 1 floor!
  1511 | D:3      | Reached XP level 4. HP: 21/30 MP: 4/4
  1652 | D:2      | Found a burning altar of Makhleb.
  1809 | D:2      | Found a snail-covered altar of Cheibriados.
  2086 | D:3      | Reached skill level 5 in Slings
  2595 | D:3      | Found a faded altar of an unknown god.
  3002 | D:3      | Reached XP level 5. HP: 36/36 MP: 5/5
  3176 | D:4      | Found a staircase to the Ecumenical Temple.
  3190 | Temple   | Entered the Ecumenical Temple
  3313 | Temple   | Became a worshipper of Trog the Wrathful
  3432 | Temple   | HP: 1/36 [orc/+0 mace (5)]
  3433 | Temple   | Succumbed to a worker ant's poison

Levels and vault maps discovered:
D:1:      shiori_angband_town, layout_loops_ring, hex_large, st_stairs_7,
          minmay_ruptured
D:2:      layout_rooms, lemuel_crystal_altar, lemuel_round_altar
D:3:      layout_basic, first_ration, chequers_ecumenical_altar_simple_redux
D:4:      layout_loops_ring, lemuel_crystal_altar, minmay_temple_entry_tees
Temple:   dpeg_three_leaves_temple

Skill      XL: |  1  2  3  4 |
---------------+-------------+-----
Stealth        | 2 3 |  3.4
Slings         | 5 |  5.2
Fighting       | |  2.9
Short Blades   | |  0.7
Dodging        | |  2.0

Action                   |  1- 3 |  4- 6 || total
-------------------------+-------+-------++-------
Melee: Short sword       |    57 |    99 ||   156
       Constrict         |    18 |    28 ||    46
       Tentacles         |     8 |    14 ||    22
 Fire: Hunting sling     |     4 |       ||     4
 Stab: Sleeping          |     7 |    13 ||    20
  Eat: Chunk             |     2 |     6 ||     8
Armor: Skin              |    12 |     6 ||    18
Dodge: Dodged            |    41 |    82 ||   123
